 Dungeon Crawl Stone Soup version 0.19.5 (webtiles) character file.

264 JeffiDaFish the Ducker (level 5, 0/53 HPs)
             Began as a Troll Fighter on Mar 7, 2017.
             Slain by an orc
             ... wielding a +0 hand axe
              (5 damage)
             ... on level 4 of the Dungeon.
             The game lasted 00:06:01 (2311 turns).

JeffiDaFish the Ducker (Troll Fighter)              Turns: 2311, Time: 00:06:03

Health: 0/53       AC: 12    Str: 24    XL:     5   Next: 98%
Magic:  4/4        EV: 12    Int:  4    God:
Gold:   125        SH:  9    Dex: 10    Spells: 0 memorised, 4 levels left

rFire  . . .     SeeInvis .     l - +0 flail (protect)
rCold  . . .     Gourm    +     b - +0 robe
rNeg   . . .     Faith    .     c - +0 shield
rPois  .         Spirit   .     (helmet restricted)
rElec  .         Reflect  .     (no cloak)
rCorr  .         Harm     .     (gloves unavailable)
MR     .....                    (boots unavailable)
Stlth  +.........               e - amulet of regeneration
                                (no ring)
                                m - +3 ring of evasion

@: lethally poisoned (0 -> -2), protection aura
A: unfitting armour, claws 3, fast metabolism 3, gourmand, regeneration 1,
shaggy fur 1, tough skin 2
a: no special abilities


You were on level 4 of the Dungeon.
You were completely stuffed.

You visited 1 branch of the dungeon, and saw 4 of its levels.

You collected 125 gold pieces.

Inventory:

Hand Weapons
 l - a +0 flail of protection (weapon)
Armour
 b - a +0 robe (worn)
 c - a +0 shield (worn)
Jewellery
 e - an amulet of regeneration (around neck)
 m - a +3 ring of evasion (left claw)
Scrolls
 h - a scroll of magic mapping
 k - a scroll of amnesia
 n - a scroll of remove curse
Potions
 a - a potion of invisibility
 d - a potion of might
 i - 3 potions of heal wounds
 o - a potion of agility
Comestibles
 f - 3 bread rations
 j - a meat ration


   Skills:
 + Level 3.0 Fighting
 + Level 3.4 Maces & Flails
 * Level 3.6 Dodging
 + Level 0.4 Stealth
 + Level 3.3 Shields


You had 4 spell levels left.
You didn't know any spells.

Dungeon Overview and Level Annotations

Branches:
Dungeon (4/15)
 Temple: D:4-7

Altars:


Innate Abilities, Weirdness & Mutations

You are too large for most types of armour.
You have claws for hands.
Your metabolism is lightning-fast.
You like to eat raw meat.
Your natural rate of healing is unusually fast.
You are covered in fur. (AC +1)
You have very tough skin. (AC +2)


Message History

Your weapon exudes an aura of protection.
The orc priest is moderately wounded.
You feel sick.
The orc wizard hits you but does no damage.
You are more poisoned.
The hound bites you.
* * * LOW HITPOINT WARNING * * *
You block the orc's attack. The orc wizard casts a spell at you.
The magic dart hits you! The orc priest closely misses you.
The orc hits you but does no damage. The hound closely misses you.
You block the orc's attack.
You hit the orc priest.
The orc priest is heavily wounded.
You feel sick.
The orc wizard hits you but does no damage.
The hound bites you but does no damage. You block the orc's attack.
The orc priest barely misses you. The orc hits you but does no damage.
The orc wizard misses you. The orc hits you with a hand axe.
You die...

##...................##
##...######...####....#
#...## ##### ######
##..##
##..#############
##..##.........###
##..............#
##....oho.......
##....@o.......
##...oo.......
#............
##...........
##..........
##......... .#........
. .......


You could see a hound, an orc priest, an orc wizard and 3 orcs.

Vanquished Creatures
  The ghost of mysticrevenge the Firebug, an amateur GrFE of Zin (D:4)
  A centaur skeleton (D:4)
  An orc wizard (D:3)
  A worker ant (D:4)
  2 adders (D:2)
  A worm (D:2)
  2 leopard geckos
  4 orcs (D:3)
  4 bats
  2 giant cockroaches
  9 goblins
  7 hobgoblins
  6 jackals
  4 kobolds
  3 frilled lizards
  A jackal skeleton (D:4)
  5 rats
54 creatures vanquished.

Vanquished Creatures (others)
  An adder (D:2)
1 creature vanquished.

Grand Total: 55 creatures vanquished

Notes
Turn   | Place    | Note
-------+----------+-------------------------------------------
     0 | D:1      | JeffiDaFish the Troll Fighter began the quest for the Orb.
     0 | D:1      | Reached XP level 1. HP: 22/22 MP: 0/0
    99 | D:1      | Reached XP level 2. HP: 27/29 MP: 1/1
  1001 | D:2      | Reached XP level 3. HP: 35/36 MP: 2/2
  1588 | D:3      | Reached XP level 4. HP: 44/44 MP: 3/3
  2150 | D:4      | Reached XP level 5. HP: 52/52 MP: 4/4
  2214 | D:4      | Noticed mysticrevenge's ghost (amateur GrFE)
  2251 | D:4      | Killed mysticrevenge's ghost
  2311 | D:4      | Slain by an orc

Skill      XL: |  1  2  3  4  5 |
---------------+----------------+-----
Maces & Flails | 2 3 |  3.4
Dodging        | 3 |  3.6
Shields        | 3 |  3.3
Fighting       | 3 |  3.0
Stealth        | |  0.4

Action                   |  1- 3 |  4- 6 || total
-------------------------+-------+-------++-------
Melee: Flail             |   141 |    88 ||   229
  Use: Scroll            |     7 |     4 ||    11
       Potion            |     2 |     1 ||     3
 Stab: Sleeping          |     2 |       ||     2
       Invisible         |       |     1 ||     1
  Eat: Chunk             |    20 |     8 ||    28
Armor: Robe              |    57 |    43 ||   100
Dodge: Dodged            |    57 |    52 ||   109
Block: Shield            |    79 |    51 ||   130
